Construct Weapon Support Center
Selects Advanced Infantry Battlegroup
Selects Convert to Ranger Squad
Selects Artillery Observers
Selects Convert to Ranger Squad
Selects Frontline Medical Station
Frontline Medical Station
Frontline Medical Station
Selects Ranger Weapon Training
Selects M2A1 105mm Howitzer Emplacement
M3 Armored Personnel Carrier
Improved M9 Bazooka Rockets
Selects 155mm Rapid Artillery Barrage
155mm Rapid Artillery Barrage
M1918 Browning Automatic Rifles
M3 Armored Personnel Carrier
M18 Hellcat Tank Destroyer